 Dungeon Crawl Stone Soup version 0.29-a0-284-gf9362112df (webtiles) character file.

Game seed: 9024951960525133878

265 bande the Covered (level 6, -3/38 HPs)
             Began as a Gargoyle Fighter on Mar 30, 2022.
             Engulfed by a steam dragon's steam (13 damage)
             ... on level 4 of the Dungeon.
             The game lasted 00:03:52 (3225 turns).

bande the Covered (Gargoyle Fighter)                Turns: 3225, Time: 00:03:52

Health: -3/38      AC: 16    Str: 20    XL:     6   Next: 20%
Magic:  6/6        EV:  7    Int:  8    God:
Gold:   182        SH:  4    Dex: 11    Spells: 5/5 levels left

rFire   . . .      SeeInvis .   a - +0 war axe
rCold   . . .      Faith    .   c - +0 buckler
rNeg    + . .      Spirit   .   o - +0 chain mail
rPois   ∞          Reflect  .   l - +0 helmet
rElec   +          Harm     .   (no cloak)
rCorr   .          Rampage  .   k - +0 pair of gloves
Will    .....                   (no boots)
Stlth   ..........              (no amulet)
HPRegen 0.12/turn               (no ring)
MPRegen 0.10/turn               (no ring)

@: no status effects
A: sickness immunity, AC +4, negative energy resistance 1, electricity
resistance, torment resistance 1, petrification resistance
a: no special abilities


You were on level 4 of the Dungeon.
You visited 1 branch of the dungeon, and saw 4 of its levels.

You collected 182 gold pieces.

Inventory:

Hand Weapons
 a - a +0 war axe (weapon)
Missiles
 g - a throwing net (quivered)
Armour
 c - a +0 buckler (worn)
 k - a +0 pair of gloves (worn)
 l - a +0 helmet (worn)
 o - a +0 chain mail (worn)
Jewellery
 m - a ring of wizardry
Scrolls
 e - 2 scrolls of teleportation
Potions
 d - a potion of might
 f - a potion of attraction {unknown}
 h - 2 potions of lignification {unknown}
 i - a potion of magic {unknown}
 j - a potion of haste {unknown}
 n - a potion of curing {unknown}


   Skills:
 + Level 4.0 Fighting
 + Level 4.3 Axes
 + Level 4.7 Armour
 + Level 0.4 Stealth
 + Level 3.6 Shields


You had 5 spell levels left.
You didn't know any spells.
Your spell library was empty.

Dungeon Overview and Level Annotations

Branches:
Dungeon (4/15)
 Temple: D:4-7

Altars:
Cheibriados

Shops:
D:2 (


Innate Abilities, Weirdness & Mutations

You are immune to sickness and miasma.
Your stone body is resilient. (AC +4)
You are immune to poison.
You resist negative energy. (rN+)
You are resistant to electric shocks. (rElec)
You are resistant to unholy torment.
You are immune to petrification.


Message History

The scorpion barely misses you.
The scorpion stings you but does no damage.
You slash the scorpion!
The scorpion is almost dead.
The scorpion stings you but does no damage.
You closely miss the scorpion.
The scorpion is almost dead.
The scorpion stings you.
The scorpion stings you but does no damage.
You closely miss the scorpion.
The scorpion is almost dead.
The scorpion stings you but does no damage.
The scorpion stings you.
You are too injured to fight recklessly!
You are too injured to fight recklessly!
You are too injured to fight recklessly!
You are too injured to fight recklessly!
You closely miss the scorpion.
The scorpion is almost dead.
The scorpion stings you but does no damage.
You hit the scorpion.
You kill the scorpion!
Your Fighting skill increases to level 4!
You have reached level 6!
You start resting.
A steam dragon comes into view.
A steam dragon is nearby!
A steam dragon is nearby!
The steam dragon breathes steam at you. The ball of steam hits you.
You barely miss the steam dragon. The steam dragon bites you.
The steam dragon barely misses you.
A hobgoblin comes into view.
The steam dragon breathes steam at you. The ball of steam hits you.
* * * LOW HITPOINT WARNING * * *
You hear a bark! x2
You barely miss the steam dragon.
You are engulfed in a cloud of scalding steam.
You die...

# .# #.
########g#...
#§@D.......#
#.....)....#?
#....<.......
#........#...
#........#
#...........
#..........#
#.........#..
#####
##.........#
#


You could see a steam dragon (catching breath) and a hobgoblin.

Vanquished Creatures
  2 scorpions (D:4)
  An iron imp (D:3)
  3 adders
  3 gnolls (D:4)
  A worm (D:3)
  2 dart slugs (D:3)
  4 endoplasms
  5 giant cockroaches
  6 goblins
  4 hobgoblins
  4 jackals (D:3)
  4 kobolds
  2 quokkas
  9 ball pythons
  10 bats
  A frilled lizard (D:2)
  3 rats
64 creatures vanquished.

Vanquished Creatures (others)
  A goblin (D:4)
1 creature vanquished.

Grand Total: 65 creatures vanquished

Notes
Turn   | Place    | Note
-------+----------+-------------------------------------------
     0 | D:1      | bande the Gargoyle Fighter began the quest for the Orb.
     0 | D:1      | Reached XP level 1. HP: 14/14 MP: 1/1
   213 | D:1      | Reached XP level 2. HP: 17/19 MP: 2/2
   514 | D:1      | Found a faded altar of an unknown god.
  1030 | D:2      | Reached XP level 3. HP: 23/23 MP: 3/3
  1837 | D:2      | Reached XP level 4. HP: 29/29 MP: 4/4
  1840 | D:2      | Found Wurhuk's Weapon Emporium.
  1984 | D:3      | Found a snail-covered altar of Cheibriados.
  2944 | D:4      | Noticed a scorpion
  2951 | D:4      | Killed a scorpion
  2952 | D:4      | Reached XP level 5. HP: 33/33 MP: 5/5
  3203 | D:4      | Identified the +1 robe of Goxagouf {+Inv rC+}
  3216 | D:4      | Reached XP level 6. HP: 18/38 MP: 6/6
  3216 | D:4      | Noticed a steam dragon
  3225 | D:4      | Engulfed by a steam dragon's steam

Illustrated notes

Levels and vault maps discovered:
D:1:      dreamdust_arrival_sigmund_warning, layout_loops_cross,
          dreamdust_ecumenical_altar_grove, st_stairs_4
D:2:      layout_loops_ring, serial_shops, nicolae_lakefront_shop
D:3:      layout_basic, slow_altar_1, grunt_ministairs_13
D:4:      layout_rooms, minmay_temple_entry_stoned_glass,
          kennysheep_generic_room_12, uniq_duvessa

Skill      XL: |  1  2  3  4  5 |
---------------+----------------+-----
Axes           | 2 3 4 |  4.3
Armour         | 4 |  4.7
Fighting       | 4 |  4.0
Stealth        | |  0.4
Shields        | |  3.6

Action                   |  1- 3 |  4- 6 || total
-------------------------+-------+-------++-------
Melee: War axe           |   107 |   100 ||   207
  Use: Scroll            |     2 |     4 ||     6
Armor: Scale mail        |    70 |    55 ||   125
       Chain mail        |       |     7 ||     7
Dodge: Dodged            |    60 |    55 ||   115
Block: Buckler           |    22 |    19 ||    41

Table legend: (Time is in decaauts)
 A = Elapsed time spent in this place.
 B = Non-inter-level travel time spent in this place.
 C = Inter-level travel time spent in this place.
 D = Time resting spent in this place.
 E = Time spent auto-exploring this place.
 F = Levels seen in this place.
 G = Mean time per level.
                   A        B        C        D        E       F      G
               +--------+--------+--------+--------+--------+-----+--------+
         Total |   3306 |   3261 |     45 |    402 |   2245 |   4 |  826.5 |
       Dungeon |   3306 |   3261 |     45 |    402 |   2245 |   4 |  826.5 |
               +--------+--------+--------+--------+--------+-----+--------+

Top non-repeatable levels by time:
     D:3: 1074 daAuts
     D:1: 1040 daAuts
     D:2: 892 daAuts
     D:4: 298 daAuts
